 Dungeon Sprint DCSS version 0.31-a0-868-g674d60d6f7 (webtiles) character file.

Game seed: 9091113114418164375

263 rocky1 the Carver (level 6, -6/51 HPs)
             Began as a Djinni Gladiator on Oct 12, 2023.
             Mangled by a neqoxec (11 damage)
             ... in the Dungeon (Sprint II: "The Violet Keep of Menkaure").
             The game lasted 00:00:33 (21 turns).

rocky1 the Carver (Djinni Gladiator)                  Turns: 21, Time: 00:00:33

Health: -6/51      AC:  4    Str: 13    XL:     6   Next: 42%
Gold:   0          EV: 15    Int:  9    God:
                   SH:  0    Dex: 15

rFire   + + .        a - +0 long sword
rCold   x . .        (no shield)
rNeg    . . .        b - +0 leather armour
rPois   ∞            c - +0 helmet
rElec   .            (no cloak)
rCorr   .            (no gloves)
SInv    .            (boots unavailable)
Will    .....        (no amulet)
Stlth   +            (no ring)
HPRegen 0.28/turn    (no ring)
MPRegen 0.00/turn

%: no teleportation, infuse magic (-7 HP)
@: on berserk cooldown, flying, hasted and slowed
A: sickness immunity, fire resistance 2, cold vulnerability 1, float, innate
caster, HP casting, extra vitality 1, clumsy 1
a: no special abilities


You were in the Dungeon.
You visited 1 branch

Inventory:

Hand Weapons
 a - a +0 long sword (weapon)
Missiles
 d - 3 throwing nets (quivered)
 e - a javelin
Armour
 b - a +0 leather armour (worn)
 c - a +0 helmet (worn)
Scrolls
 j - a scroll of blinking
Potions
 f - a potion of curing
 g - a potion of heal wounds


   Skills:
 + Level 6.4 Fighting
 * Level 8.5 Long Blades
 - Level 1.5 Throwing
 + Level 7.5 Dodging


You knew the following spells:

 Your Spells              Type           Power      Damage    Failure   Level
a - Magic Dart            Conj           0%         1d3       45%         1
b - Poisonous Vapours     Pois/Air       0%         N/A       61%         2
Your spell library was empty.

Dungeon Overview and Level Annotations

Branches:
Dungeon (1/1)

Altars:


Innate Abilities, Weirdness & Mutations

You are immune to sickness and miasma.
You are immune to poison.
Your flesh is very heat resistant. (rF++)
You are vulnerable to cold. (rC-)
You float through the air rather than walking.
You learn spells naturally, not from books.
Your magical power is your life essence.
You have superior vitality. (+4 MHP)
You are clumsy. (Dex -2)


Message History

The neqoxec is severely wounded.
The neqoxec gestures at you.
You feel dopey. Something feeds on your intellect! The neqoxec hits you!
You hit the neqoxec.
The neqoxec is almost dead.
The neqoxec gestures at you.
Something tries to feed on your intellect!
The neqoxec hits you!
You closely miss the neqoxec.
The neqoxec is almost dead.
You are no longer berserk.
You are exhausted.
You feel yourself slow down. The neqoxec hits you.
* * * LOW HITPOINT WARNING * * *
You closely miss the neqoxec.
The neqoxec is almost dead.
The neqoxec gestures at you.
You feel dopey. Something feeds on your intellect!
You closely miss the neqoxec.
The neqoxec is almost dead.
The neqoxec hits you!
* * * LOW HITPOINT WARNING * * *
You slash the neqoxec!
You kill the neqoxec!
The neqoxec gestures at you.
Something tries to feed on your intellect!
The neqoxec gestures at you.
Strange energies course through your body.
You feel clumsy.
You feel your intelligence returning.
Your Fighting skill increases to level 6!
Your Long Blades skill gained 2 levels and is now at level 8!
Your Dodging skill increases to level 7!
You have reached level 6!
Unknown command.
You barely miss the neqoxec. The neqoxec misses you.
You closely miss the neqoxec. The neqoxec hits you!
You die...

##
###
.##..
.3.
#3#
##@##
+.<.+
##.##
#+#


You could see 2 neqoxecs.

Vanquished Creatures
  2 neqoxecs (D)
2 creatures vanquished.

Notes
Turn   | Place    | Note
-------+----------+-------------------------------------------
     0 | D        | rocky1 the Djinni Gladiator began the quest for the Orb.
     0 | D        | Reached XP level 1. HP: 18/18 MP: 0/0
     1 | D        | Noticed a neqoxec
     1 | D        | Noticed a neqoxec
     1 | D        | Noticed a neqoxec
     1 | D        | Noticed a neqoxec
    11 | D        | Killed a neqoxec
    12 | D        | Reached skill level 5 in Fighting
    12 | D        | Reached skill level 6 in Long Blades
    12 | D        | Reached XP level 2. HP: 28/28 MP: 0/0
    12 | D        | Reached XP level 3. HP: 33/33 MP: 0/0
    12 | D        | Learned a level 1 spell: Magic Dart
    12 | D        | Reached XP level 4. HP: 39/39 MP: 0/0
    12 | D        | Reached XP level 5. HP: 43/43 MP: 0/0
    12 | D        | Learned a level 2 spell: Poisonous Vapours
    18 | D        | Killed a neqoxec
    18 | D        | Gained mutation: You are clumsy. (Dex -2) [a neqoxec]
    19 | D        | Reached skill level 8 in Long Blades
    19 | D        | Reached XP level 6. HP: 4/51 MP: 0/0
    21 | D        | Mangled by a neqoxec

Illustrated notes

Levels and vault maps discovered:
D:        the_violet_keep_of_menkaure [sprint2_stairs_cluster_1,
          sprint2_shoproom, sprint2_temple, sprint2_basic_supplies,
          sprint2_obstacle_5, sprint2_obstacle_4, sprint2_obstacle_1,
          sprint2_obstacle_7, sprint2_obstacle_6, sprint2_timed_cluster_1,
          sprint2_smallroom_cluster_1, sprint2_smallroom_final_cluster_1,
          sprint2_transparent_cluster_1, sprint2_second_timed_cluster_1,
          sprint2_sniper_area_1, sprint2_heavy_combat_area_1,
          sprint2_mutation_trap_area_1, sprint2_forest_area_1,
          sprint2_light_combat_area_1, sprint2_behind_water_1,
          sprint2_near_end_vault_1]

Skill      XL: |  1  2  3  4  5 |
---------------+----------------+-----
Fighting       | 5 6 |  6.4
Long Blades    | 6 8 |  8.5
Dodging        | 6 7 |  7.5
Throwing       | |  1.5

Action                     |  1- 3 |  4- 6 || total
---------------------------+-------+-------++-------
  Melee: Long sword        |     8 |     9 ||    17
    Use: Potion            |     2 |       ||     2
 Armour: Leather armour    |     1 |     5 ||     6
  Dodge: Dodged            |     5 |     1 ||     6

Table legend: (Time is in decaauts)
 A = Elapsed time spent in this place.
 B = Non-inter-level travel time spent in this place.
 C = Inter-level travel time spent in this place.
 D = Time resting spent in this place.
 E = Time spent auto-exploring this place.
 F = Levels seen in this place.
 G = Mean time per level.
                   A        B        C        D        E       F      G
               +--------+--------+--------+--------+--------+-----+--------+
         Total |     18 |     18 |      0 |      0 |      0 |   1 |   18.0 |
       Dungeon |     18 |     18 |      0 |      0 |      0 |   1 |   18.0 |
               +--------+--------+--------+--------+--------+-----+--------+

Top non-repeatable levels by time:
       D: 18 daAuts
